[Event "Jiraskuv memorial A"]
[Site "Rakovnik"]
[Date "2011.08.09"]
[Round "5"]
[White "Novak, Jindrich"]
[Black "Haman, Jakub"]
[Result "1-0"]
[ECO "B02"]
[WhiteElo "2059"]
[BlackElo "2146"]
[PlyCount "111"]
[EventDate "2011.08.??"]
[EventType "swiss"]
[EventRounds "9"]
[EventCountry "CZE"]
[TimeControl "180"]

{24MB, Fritz8.ctg, sach1} 1. e4 Nf6 2. Nc3 d5 3. d3 g6 4. Bg5
Bg7 5. Bxf6 Bxf6 6. exd5 O-O 7. Nge2 Nd7 8. g3 Ne5 9. Bg2 Bf5 10. O-O Qc8 11.
Nf4 Kh8 12. Qd2 a5 13. Rae1 Ra6 14. Re2 g5 15. Nh5 Bg4 16. Nxf6 Bxe2 17. Qxe2
exf6 18. Qh5 Kg7 19. Bh3 Qd8 20. f4 Ng6 21. Bg2 a4 22. Kh1 Re8 23. Ne4 h6 24.
Nc5 Rb6 25. Nxa4 Rb4 26. b3 gxf4 27. c3 Rb5 28. gxf4 Ra5 29. Be4 f5 30. Qxf5
Qh4 31. c4 Ra6 32. Rg1 Rf6 33. Qg4 Qxg4 34. Rxg4 Rxf4 35. Rxf4 Nxf4 36. Kg1 Kf6
37. Nc5 b6 38. Nd7+ Ke7 39. Ne5 f5 40. Bf3 Kf6 41. d4 Rg8+ 42. Kf1 Nh3 43. Bg2
Ng5 44. d6 cxd6 45. Nd7+ Ke7 46. Nxb6 Ne6 47. Nd5+ Kf8 48. b4 Nxd4 49. b5 Rg7
50. b6 f4 51. Nc7 f3 52. Bxf3 Nxf3 53. b7 Rg1+ 54. Kf2 Rb1 55. Nb5 Rf1+ 56.
Kxf1 1-0

[Event "Jiraskuv memorial A"]
[Site "Rakovnik"]
[Date "2011.08.09"]
[Round "5"]
[White "Ondrejat, Miroslav"]
[Black "Hruska, Jan"]
[Result "1-0"]
[ECO "D66"]
[WhiteElo "2048"]
[BlackElo "2048"]
[PlyCount "131"]
[EventDate "2011.08.??"]
[EventType "swiss"]
[EventRounds "9"]
[EventCountry "CZE"]
[TimeControl "180"]

{24MB, Fritz8.ctg, sach1} 1. d4 d5 2. c4 e6 3. Nc3 Nf6 4. Nf3 c6 5. Bg5 Be7 6.
e3 Nbd7 7. Rc1 O-O 8. Bd3 Re8 9. O-O Nf8 10. Ne5 N6d7 11. Bxe7 Qxe7 12. f4 f6
13. Nxd7 Bxd7 14. Kh1 Kh8 15. a3 dxc4 16. Bxc4 a5 17. Ne4 b6 18. Qh5 Red8 19.
Ba2 Be8 20. Qh3 Bg6 21. Qf3 Rac8 22. Ng3 c5 23. dxc5 Rxc5 24. e4 a4 25. Qe3
Rdc8 26. Rxc5 Rxc5 27. Rc1 Rxc1+ 28. Qxc1 Be8 29. h3 g6 30. Qc3 Nd7 31. Kh2 Kg7
32. Qc7 e5 33. f5 g5 34. Be6 b5 35. Qb7 Kf8 36. Qxb5 Nc5 37. Qb8 Nxe6 38. fxe6
Qxe6 39. Nf5 h5 40. h4 gxh4 41. Kh3 Kf7 42. Kxh4 Kg6 43. Qa7 Qd7 44. Qe3 Qh7
45. b4 axb3 46. Qg3+ Kf7 47. Qxb3+ Kg6 48. a4 Bc6 49. Qc4 Ba8 50. a5 Qf7 51.
Qxf7+ Kxf7 52. Kxh5 Ke6 53. Ng3 f5 54. exf5+ Kf6 55. Kg4 Bxg2 56. Nh5+ Kf7 57.
a6 Bd5 58. a7 Bc6 59. Kg5 Bb7 60. Ng3 Ba8 61. Nf1 Bc6 62. Ne3 e4 63. Kf4 Ke7
64. Ke5 Ba8 65. Nd5+ Kf7 66. Kxe4 1-0

[Event "Jiraskuv memorial A"]
[Site "Rakovnik"]
[Date "2011.08.09"]
[Round "5"]
[White "Klement, Lukas"]
[Black "Pokorny, Petr"]
[Result "0-1"]
[ECO "C42"]
[WhiteElo "2234"]
[BlackElo "2260"]
[PlyCount "90"]
[EventDate "2011.08.??"]
[EventType "swiss"]
[EventRounds "9"]
[EventCountry "CZE"]
[TimeControl "180"]

{24MB, Fritz8.ctg, sach1} 1. e4 e5 2. Nf3 Nf6 3. Nxe5 d6 4. Nf3 Nxe4 5. d4 d5
6. Bd3 Nc6 7. O-O Be7 8. Re1 Bg4 9. c3 f5 10. Qb3 O-O 11. Qxb7 Rf6 12. Qb3 Bxf3
13. gxf3 Rg6+ 14. Kf1 Rb8 15. Qc2 Qd6 16. f4 Qf6 17. Re3 Qh4 18. h3 Bd6 19. Rf3
Nd8 20. Be3 Ne6 21. Qc1 Rf6 22. c4 g5 23. cxd5 g4 24. hxg4 fxg4 25. Bxe4 gxf3
26. Ke1 Nxf4 27. Kd2 Ng2 28. Nc3 Nxe3 29. fxe3 Qh2+ 30. Kd3 Rxb2 31. Qg1+ Qxg1
32. Rxg1+ Kh8 33. Rf1 f2 34. Bg2 Rg6 35. Bf3 Rg1 36. Be2 Rxf1 37. Bxf1 Bb4 38.
Ne4 Rxa2 39. Be2 Be1 40. Bf1 a5 41. d6 cxd6 42. Nxd6 a4 43. Nc4 a3 44. d5 Rb2
45. Nxb2 a2 0-1

[Event "Jiraskuv memorial A"]
[Site "Rakovnik"]
[Date "2011.08.09"]
[Round "5"]
[White "Kotrba, Matej"]
[Black "Stransky, Vojtech"]
[Result "1/2-1/2"]
[ECO "D43"]
[WhiteElo "1949"]
[BlackElo "1843"]
[PlyCount "23"]
[EventDate "2011.08.??"]
[EventType "swiss"]
[EventRounds "9"]
[EventCountry "CZE"]
[TimeControl "40/7200:20/3600:1800"]

{16MB, Fritz8.ctg, SACHY-67D9C7985} 1. Nf3 d5 2. d4 Nf6 3. c4 e6 4. Nc3 c6 5.
Bg5 Be7 6. e3 Nbd7 7. cxd5 Nxd5 8. Bxe7 Qxe7 9. Nxd5 exd5 10. Bd3 Qb4+ 11. Qd2
Qxd2+ 12. Kxd2 1/2-1/2

[Event "Jiraskuv memorial A"]
[Site "Rakovnik"]
[Date "2011.08.09"]
[Round "5"]
[White "Hinz, Frantisek"]
[Black "Prochazka, Petr"]
[Result "0-1"]
[ECO "D07"]
[WhiteElo "2015"]
[BlackElo "2008"]
[PlyCount "76"]
[EventDate "2011.08.??"]
[EventType "swiss"]
[EventRounds "9"]
[EventCountry "CZE"]
[TimeControl "240+2"]

{1056MB, Fritz8.ctg} 1. d4 d5 2. Nf3 Nc6 3. c4 Bg4 4. e3 e5 5. Be2 e4 6. Nfd2
Bxe2 7. Qxe2 Nb4 8. O-O Nc2 9. Nxe4 Nxa1 10. cxd5 Qxd5 11. Nbc3 Qd7 12. b3 Nxb3
13. axb3 Be7 14. Rd1 Nf6 15. Ng3 O-O 16. e4 Rfe8 17. Qc4 a6 18. e5 b5 19. Qd3
Nd5 20. Nce4 Qg4 21. h3 Qg6 22. f4 Rad8 23. f5 Qb6 24. Qf3 c5 25. Bb2 c4 26.
Nh5 Bf8 27. Qg3 Kh8 28. bxc4 bxc4 29. Ba3 Nb4 30. Bxb4 Qxb4 31. Ng5 Rd7 32. Qh4
h6 33. Nf6 gxf6 34. e6 fxg5 35. exd7 Rd8 36. Qe4 Qe7 37. Qe5+ Kh7 38. f6 Qe6
0-1

[Event "Jiraskuv memorial A"]
[Site "Rakovnik"]
[Date "2011.08.09"]
[Round "5"]
[White "Vlacil, Vladimir"]
[Black "Elias, Miroslav"]
[Result "1-0"]
[ECO "C42"]
[WhiteElo "2015"]
[BlackElo "2121"]
[PlyCount "93"]
[EventDate "2011.08.??"]
[EventType "swiss"]
[EventRounds "9"]
[EventCountry "CZE"]
[TimeControl "240+2"]

{1056MB, Fritz8.ctg} 1. e4 e5 2. Nf3 Nf6 3. Nc3 Bb4 4. Bc4 O-O 5. d3 d5 6. exd5
Nxd5 7. Bd2 Nxc3 8. bxc3 Bd6 9. Bg5 Qe8 10. O-O Qc6 11. Nd2 b5 12. Bb3 a5 13.
a4 b4 14. cxb4 Bxb4 15. Ne4 Bf5 16. Qf3 Bxe4 17. Qxe4 Qxe4 18. dxe4 Ra6 19.
Rad1 h6 20. Be3 Bd6 21. Rd5 Nd7 22. f3 Nf6 23. Rb5 Rfa8 24. Rd1 Rc6 25. Kf1 Kf8
26. Bd2 Rc5 27. Rb7 Ke7 28. Ke2 Ra6 29. Rb8 Rcc6 30. Rb5 Nd7 31. Rxa5 Rab6 32.
Be3 Rb4 33. Rb5 Rxb5 34. axb5 Rc3 35. Kd2 Bb4 36. Ke2 Ba3 37. Bd2 Rc5 38. Ra1
Bb2 39. Ra2 Bc3 40. Bxc3 Rxc3 41. Kd2 Rc5 42. c4 c6 43. b6 Nxb6 44. Kc3 f5 45.
Kb4 Nd7 46. Ra7 fxe4 47. fxe4 1-0

[Event "Jiraskuv memorial A"]
[Site "Rakovnik"]
[Date "2011.08.10"]
[Round "6"]
[White "Misicko, Jan"]
[Black "Pliva, Vojtech"]
[Result "1/2-1/2"]
[ECO "A24"]
[WhiteElo "2042"]
[BlackElo "2066"]
[PlyCount "24"]
[EventDate "2011.08.??"]
[EventType "swiss"]
[EventRounds "9"]
[EventCountry "CZE"]
[TimeControl "240+2"]

{1056MB, Fritz8.ctg} 1. c4 Nf6 2. g3 g6 3. Bg2 Bg7 4. Nc3 c6 5. e4 e5 6. Nge2
d6 7. O-O O-O 8. h3 Be6 9. d3 Qd7 10. Kh2 d5 11. b3 dxe4 12. dxe4 Qxd1 1/2-1/2

[Event "Jiraskuv memorial A"]
[Site "Rakovnik"]
[Date "2011.08.10"]
[Round "6"]
[White "Pokorny, Petr"]
[Black "Novak, Jindrich"]
[Result "1-0"]
[ECO "A04"]
[WhiteElo "2260"]
[BlackElo "2059"]
[PlyCount "83"]
[EventDate "2011.08.??"]
[EventType "swiss"]
[EventRounds "9"]
[EventCountry "CZE"]
[TimeControl "40/7200:20/3600:1800"]

{Bily se nedostavil.} 1. Nf3 b5 2. e3 a6 3. b3 Bb7 4. c4 bxc4
5. bxc4 Nf6 6. d4 e6 7. Bd3 c5 8. O-O Nc6 9. Nc3 Rb8 10. d5 Nb4 11. e4 Nxd3 12.
Qxd3 Be7 13. e5 Ng4 14. h3 Nh6 15. d6 Bf8 16. Ne4 Qc8 17. Bxh6 Bxe4 18. Qxe4
gxh6 19. Rab1 Bg7 20. Rxb8 Qxb8 21. Rb1 Qc8 22. Rb7 O-O 23. Rc7 Qa8 24. Qxa8
Rxa8 25. Rxd7 f6 26. Nd2 fxe5 27. Ne4 Rb8 28. Nxc5 Rb1+ 29. Kh2 e4 30. Rxg7+
Kxg7 31. d7 Rb8 32. Nxe6+ Kf6 33. d8=Q+ Rxd8 34. Nxd8 Ke5 35. Nc6+ Kd6 36. Nb4
a5 37. Nc2 Kc5 38. Ne3 Kb4 39. Kg3 a4 40. Kf4 Ka3 41. c5 Kxa2 42. c6 1-0

[Event "Jiraskuv memorial A"]
[Site "Rakovnik"]
[Date "2011.08.10"]
[Round "6"]
[White "Cap, Adam"]
[Black "Kotrba, Matej"]
[Result "1/2-1/2"]
[ECO "B02"]
[WhiteElo "1924"]
[BlackElo "1949"]
[PlyCount "43"]
[EventDate "2011.08.??"]
[EventType "swiss"]
[EventRounds "9"]
[EventCountry "CZE"]
[TimeControl "40/7200:20/3600:1800"]

{Bily se nedostavil.} 1. e4 Nf6 2. e5 Nd5 3. Nc3 Nxc3 4. bxc3 d6 5. f4 Bf5 6.
Nf3 e6 7. d4 d5 8. Bd3 Bg6 9. O-O c5 10. Rb1 Qc7 11. Ng5 Bxd3 12. Qxd3 h6 13.
Nh3 Nc6 14. Be3 c4 15. Qe2 g6 16. Bd2 O-O-O 17. a4 Qa5 18. Ra1 Be7 19. Rfb1 a6
20. Qe3 Rdg8 21. Bc1 g5 22. Ba3 1/2-1/2

[Event "Jiraskuv memorial A"]
[Site "Rakovnik"]
[Date "2011.08.10"]
[Round "6"]
[White "Krasny, Drahomir"]
[Black "Hlavac, Rudolf"]
[Result "1-0"]
[ECO "B33"]
[WhiteElo "1897"]
[BlackElo "2064"]
[PlyCount "81"]
[EventDate "2011.08.??"]
[EventType "swiss"]
[EventRounds "9"]
[EventCountry "CZE"]
[TimeControl "40/7200:20/3600:1800"]

{Bily se nedostavil.} 1. e4 c5 2. Nf3 Nc6 3. d4 cxd4 4. Nxd4 Nf6 5. Nc3 e5 6.
Ndb5 d6 7. Nd5 Nxd5 8. exd5 Ne7 9. c4 Nf5 10. Bd3 Be7 11. O-O a6 12. Nc3 O-O
13. Kh1 Nh4 14. f4 exf4 15. Bxf4 Ng6 16. Qh5 b6 17. Ne4 f5 18. Ng5 Bxg5 19.
Bxg5 Qe8 20. Rae1 Qf7 21. g4 Ne5 22. Qxf7+ Rxf7 23. Bxf5 Bxf5 24. gxf5 Nxc4 25.
Re6 Nxb2 26. Rxd6 Nc4 27. Rc6 b5 28. d6 Rd7 29. Be7 Kf7 30. Re1 Re8 31. Rc7 Nb6
32. Rec1 Rb8 33. R1c6 g6 34. fxg6+ hxg6 35. Rxb6 Rxb6 36. Rxd7 Ke6 37. Rc7 a5
38. Bf8 Rb8 39. Re7+ Kxd6 40. Re8+ Kc7 41. Bd6+ 1-0

[Event "Jiraskuv memorial A"]
[Site "Rakovnik"]
[Date "2011.08.10"]
[Round "6"]
[White "Stransky, Vojtech"]
[Black "Gaj, Milos"]
[Result "0-1"]
[ECO "B23"]
[WhiteElo "1843"]
[BlackElo "1973"]
[PlyCount "78"]
[EventDate "2011.08.??"]
[EventType "swiss"]
[EventRounds "9"]
[EventCountry "CZE"]
[TimeControl "40/7200:20/3600:1800"]

{Bily se nedostavil.} 1. e4 c5 2. Nc3 e6 3. f4 d5 4. Bb5+ Bd7 5. Bxd7+ Qxd7 6.
d3 g6 7. Nf3 Nc6 8. O-O Bg7 9. a3 Nge7 10. Qe1 O-O 11. Qh4 Nd4 12. Ng5 h6 13.
Nf3 Nxf3+ 14. Rxf3 f5 15. e5 a6 16. Ne2 b5 17. d4 cxd4 18. Nxd4 Rfc8 19. c3 Rc4
20. b3 Rc7 21. Bb2 Nc6 22. Qf2 Bf8 23. b4 Nxd4 24. Qxd4 Rc4 25. Qd2 Qc6 26. Rd3
Rc8 27. Rd4 Be7 28. g3 Bd8 29. Rxc4 Qxc4 30. a4 Bb6+ 31. Kg2 Qe4+ 32. Kh3 g5
33. fxg5 Qg4+ 34. Kg2 hxg5 35. axb5 axb5 36. Ra6 Qe4+ 37. Kh3 Qg4+ 38. Kg2 Qe4+
39. Kh3 Kf7 0-1

[Event "Jiraskuv memorial A"]
[Site "Rakovnik"]
[Date "2011.08.10"]
[Round "6"]
[White "Jirkovsky, Tomas"]
[Black "Hinz, Frantisek"]
[Result "0-1"]
[ECO "B23"]
[WhiteElo "2073"]
[BlackElo "2015"]
[PlyCount "78"]
[EventDate "2011.08.??"]
[EventType "swiss"]
[EventRounds "9"]
[EventCountry "CZE"]
[TimeControl "40/7200:20/3600:1800"]

{Bily se nedostavil.} 1. e4 c5 2. Nc3 d6 3. g3 Nf6 4. Bg2 e6 5. d3 Nbd7 6. f4
Rb8 7. Nf3 b5 8. a3 Bb7 9. O-O a6 10. Be3 Ng4 11. Bd2 Be7 12. h3 Ngf6 13. Be3
O-O 14. g4 d5 15. e5 Ne8 16. Ne2 g6 17. Ng3 Ng7 18. f5 exf5 19. gxf5 Bh4 20.
Nxh4 Qxh4 21. e6 fxe6 22. fxe6 Nxe6 23. Qg4 Qxg4 24. hxg4 d4 25. Bxb7 Rxb7 26.
Bh6 Rxf1+ 27. Nxf1 g5 28. Re1 Kf7 29. Ng3 Nf6 30. Ne4 Nxe4 31. Rxe4 Kf6 32. Kf2
Rd7 33. Kg3 Rd6 34. Re1 Kg6 35. Rh1 Rc6 36. Kf3 Nd8 37. Ke4 Nf7 38. Bf8 Rc8 39.
Kd5 Rxf8 0-1

[Event "Jiraskuv memorial A"]
[Site "Rakovnik"]
[Date "2011.08.10"]
[Round "6"]
[White "Elias, Miroslav"]
[Black "Kovar, Jan"]
[Result "1-0"]
[ECO "A90"]
[WhiteElo "2121"]
[BlackElo "2002"]
[PlyCount "89"]
[EventDate "2011.08.??"]
[EventType "swiss"]
[EventRounds "9"]
[EventCountry "CZE"]
[TimeControl "40/7200:20/3600:1800"]

{Bily se nedostavil.} 1. d4 d5 2. Nf3 e6 3. c4 f5 4. g3 Nf6 5. Bg2 c6 6. O-O
Bd6 7. b3 O-O 8. Bb2 Nbd7 9. Nbd2 Qe7 10. Ne5 g5 11. e3 Qg7 12. f4 g4 13. Qe2
h5 14. Rfc1 h4 15. c5 Bxe5 16. dxe5 Nh5 17. Kf2 Kf7 18. b4 Rh8 19. Nb3 Qh6 20.
Rh1 a6 21. a4 Qf8 22. Qc2 Qe7 23. Nd4 Nf8 24. b5 axb5 25. axb5 Rxa1 26. Bxa1
Nd7 27. bxc6 bxc6 28. Nxf5 Qxc5 29. Rc1 Qxc2+ 30. Rxc2 hxg3+ 31. hxg3 c5 32. e4
d4 33. Nd6+ Ke7 34. Bxd4 Ba6 35. Bxc5 Nxc5 36. Rxc5 Rb8 37. Rc2 Rb3 38. f5 exf5
39. exf5 Bd3 40. Rc7+ Kd8 41. Rc8+ Ke7 42. Bc6 Rb2+ 43. Ke3 Re2+ 44. Kd4 Nf6
45. exf6+ 1-0

[Event "Jiraskuv memorial A"]
[Site "Rakovnik"]
[Date "2011.08.10"]
[Round "6"]
[White "Prochazka, Petr"]
[Black "Svarc, Roman"]
[Result "1-0"]
[ECO "B33"]
[WhiteElo "2008"]
[BlackElo "2125"]
[PlyCount "81"]
[EventDate "2011.08.??"]
[EventType "swiss"]
[EventRounds "9"]
[EventCountry "CZE"]
[TimeControl "40/7200:20/3600:1800"]

{Bily se nedostavil.} 1. e4 c5 2. Nf3 Nc6 3. d4 cxd4 4. Nxd4 Nf6 5. Nc3 e5 6.
Nf3 Bb4 7. Bd3 d5 8. exd5 Nxd5 9. O-O Nxc3 10. bxc3 Be7 11. Qe2 Bg4 12. h3 Bxf3
13. Qxf3 O-O 14. Rb1 Rb8 15. Rd1 Qa5 16. Bc4 Qc5 17. Bf1 Bf6 18. Qe4 Rfd8 19.
Bd3 g6 20. Rb3 Qd5 21. Re1 Ne7 22. Qa4 a6 23. Be4 Qd7 24. Qa5 Bg7 25. Be3 f5
26. Bd3 Kh8 27. Reb1 Nc6 28. Qa3 e4 29. Bf1 Be5 30. Bg5 Re8 31. Be2 f4 32. Rd1
Qf5 33. h4 f3 34. Bf1 Qg4 35. Rd5 h6 36. Rxe5 Nxe5 37. Bf6+ Kh7 38. Qd6 Qe6 39.
Qc7+ Nf7 40. Rb6 Qd5 41. c4 1-0

[Event "Jiraskuv memorial A"]
[Site "Rakovnik"]
[Date "2011.08.11"]
[Round "7"]
[White "Pliva, Vojtech"]
[Black "Krasny, Drahomir"]
[Result "1/2-1/2"]
[ECO "D11"]
[WhiteElo "2066"]
[BlackElo "1897"]
[PlyCount "22"]
[EventDate "2011.08.??"]
[EventType "swiss"]
[EventRounds "9"]
[EventCountry "CZE"]
[TimeControl "40/7200:20/3600:1800"]

{Bily se nedostavil.} 1. Nf3 d5 2. d4 Nf6 3. c4 c6 4. Nbd2 Nbd7 5. g3 Qc7 6.
Qc2 e6 7. Bg2 Bd6 8. O-O O-O 9. e4 dxe4 10. Nxe4 Nxe4 11. Qxe4 Nf6 1/2-1/2

[Event "Jiraskuv memorial A"]
[Site "Rakovnik"]
[Date "2011.08.11"]
[Round "7"]
[White "Rozsafny, Michal"]
[Black "Stransky, Vojtech"]
[Result "1/2-1/2"]
[ECO "A00"]
[WhiteElo "1943"]
[BlackElo "1843"]
[PlyCount "20"]
[EventDate "2011.08.??"]
[EventType "swiss"]
[EventRounds "9"]
[EventCountry "CZE"]
[TimeControl "40/7200:20/3600:1800"]

{Bily se nedostavil.} 1. g3 d5 2. Bg2 Nf6 3. d4 e6 4. e3 c5 5. Ne2 Nc6 6. Nd2
Be7 7. O-O O-O 8. c3 b6 9. b3 Bb7 10. Bb2 Qc7 1/2-1/2

[Event "Jiraskuv memorial A"]
[Site "Rakovnik"]
[Date "2011.08.11"]
[Round "7"]
[White "Hinz, Frantisek"]
[Black "Bauer, Pavel"]
[Result "1-0"]
[ECO "E94"]
[WhiteElo "2015"]
[BlackElo "1876"]
[PlyCount "49"]
[EventDate "2011.08.??"]
[EventType "swiss"]
[EventRounds "9"]
[EventCountry "CZE"]
[TimeControl "40/7200:20/3600:1800"]

{Bily se nedostavil.} 1. d4 Nf6 2. Nf3 d6 3. c4 g6 4. Nc3 Bg7 5. e4 O-O 6. Be2
Nbd7 7. O-O e5 8. d5 a5 9. Be3 Nc5 10. Nd2 Ne8 11. b3 f5 12. f3 f4 13. Bf2 g5
14. a3 h5 15. b4 axb4 16. axb4 Rxa1 17. Qxa1 Na6 18. Qa5 g4 19. c5 Bf6 20. c6
Nb8 21. Qa7 Nxc6 22. dxc6 bxc6 23. Qa8 Qd7 24. b5 Ng7 25. Qxc6 1-0

[Event "Jiraskuv memorial A"]
[Site "Rakovnik"]
[Date "2011.08.11"]
[Round "7"]
[White "Ondrejat, Miroslav"]
[Black "Klement, Lukas"]
[Result "0-1"]
[ECO "A30"]
[WhiteElo "2048"]
[BlackElo "2234"]
[PlyCount "80"]
[EventDate "2011.08.??"]
[EventType "swiss"]
[EventRounds "9"]
[EventCountry "CZE"]
[TimeControl "40/7200:20/3600:1800"]

{Bily se nedostavil.} 1. c4 Nf6 2. Nf3 b6 3. g3 Bb7 4. Bg2 e6 5. O-O c5 6. Nc3
Be7 7. d4 cxd4 8. Qxd4 d6 9. Rd1 a6 10. b3 O-O 11. Bb2 Qc7 12. Rac1 Nbd7 13.
Ba3 Nc5 14. h3 Rfd8 15. Qe3 Rac8 16. Ne1 Bxg2 17. Nxg2 Qb8 18. Nf4 b5 19. cxb5
axb5 20. Bxc5 Rxc5 21. a4 bxa4 22. Nxa4 Rb5 23. Rd3 d5 24. Nxe6 fxe6 25. Qxe6+
Kf8 26. Rdc3 Qd6 27. Qf5 Qd7 28. Qd3 Rb7 29. g4 Bd6 30. Nc5 Bxc5 31. Rxc5 Qd6
32. Qf5 Qd7 33. Qf4 Kg8 34. g5 Ne4 35. Rc7 Rxc7 36. Rxc7 Qe6 37. f3 Rf8 38. Qc1
Ng3 39. Kg2 Qxe2+ 40. Kxg3 Rxf3+ 0-1

[Event "Jiraskuv memorial A"]
[Site "Rakovnik"]
[Date "2011.08.11"]
[Round "7"]
[White "Volek, Radomir"]
[Black "Slanec, Jan"]
[Result "1-0"]
[ECO "B06"]
[WhiteElo "2084"]
[BlackElo "1913"]
[PlyCount "93"]
[EventDate "2011.08.??"]
[EventType "swiss"]
[EventRounds "9"]
[EventCountry "CZE"]
[TimeControl "40/7200:20/3600:1800"]

{Bily se nedostavil.} 1. e4 g6 2. d4 d6 3. Nc3 Bg7 4. Be3 e6 5. Qd2 Nc6 6. Nf3
Nge7 7. Bh6 Bxh6 8. Qxh6 Ng8 9. Qe3 Nge7 10. O-O-O d5 11. Bd3 dxe4 12. Bxe4 Nb4
13. d5 O-O 14. dxe6 Qe8 15. a3 f5 16. Qh6 Nec6 17. Ng5 Qe7 18. Bf3 Na6 19. Rhe1
Qg7 20. Qxg7+ Kxg7 21. Bxc6 bxc6 22. e7 Re8 23. Rd8 Bb7 24. Na4 h6 25. Ne6+ Kf6
26. Nec5 Nxc5 27. Rxe8 Rxe8 28. Nxc5 Bc8 29. f4 Rxe7 30. Rxe7 Kxe7 31. Kd2 Kd6
32. h4 g5 33. g3 g4 34. Kd3 h5 35. Kd4 Ke7 36. Ke5 Kf7 37. Nb3 Bd7 38. Nd4 Kg6
39. Ne6 Kf7 40. Nxc7 Ke7 41. Na6 Be6 42. Nc5 Ba2 43. Nb3 Bb1 44. Nd4 Kd7 45. c3
Kc7 46. Nxf5 Kb6 47. Nd6 1-0

[Event "Jiraskuv memorial A"]
[Site "Rakovnik"]
[Date "2011.08.11"]
[Round "7"]
[White "Trnka, Miroslav"]
[Black "Cap, Adam"]
[Result "0-1"]
[ECO "E98"]
[WhiteElo "2012"]
[BlackElo "1924"]
[PlyCount "96"]
[EventDate "2011.08.??"]
[EventType "swiss"]
[EventRounds "9"]
[EventCountry "CZE"]
[TimeControl "40/7200:20/3600:1800"]

{Bily se nedostavil.} 1. d4 Nf6 2. c4 g6 3. Nc3 Bg7 4. e4 d6 5. Nf3 O-O 6. Be2
e5 7. O-O Nc6 8. d5 Ne7 9. Ne1 Nd7 10. Nd3 f5 11. f4 Kh8 12. Kh1 a5 13. Be3 b6
14. Rc1 fxe4 15. Nxe4 Nf5 16. Bf2 Qe7 17. Bg4 exf4 18. Re1 Ne3 19. Bxe3 fxe3
20. Bf3 Ne5 21. Nxe5 Qxe5 22. Rc3 Bh6 23. Nd2 Qd4 24. Nf1 Qxd1 25. Rxd1 Bf5 26.
b3 Rae8 27. Re1 e2 28. Rxe2 Rxe2 29. Bxe2 Re8 30. Ng3 Bd2 31. Rf3 Bg4 32. Rf2
Be3 33. Rf1 Bc8 34. Bf3 Kg7 35. Re1 Bd7 36. h3 Bf4 37. Rxe8 Bxe8 38. Ne2 Be5
39. a4 Bd7 40. g4 h5 41. Kg2 hxg4 42. hxg4 Kf6 43. Kh3 Kg5 44. Nc1 Kf4 45. Kg2
Ke3 46. Na2 Bb2 47. b4 Bxa4 48. c5 Bb3 0-1

[Event "Jiraskuv memorial A"]
[Site "Rakovnik"]
[Date "2011.08.11"]
[Round "7"]
[White "Gaj, Milos"]
[Black "Kozak, Milos"]
[Result "1/2-1/2"]
[ECO "B83"]
[WhiteElo "1973"]
[BlackElo "2232"]
[PlyCount "54"]
[EventDate "2011.08.??"]
[EventType "swiss"]
[EventRounds "9"]
[EventCountry "CZE"]
[TimeControl "180"]

{24MB, Fritz8.ctg, sach1} 1. e4 c5 2. Nf3 e6 3. d4 cxd4 4.
Nxd4 Nc6 5. Be3 Nf6 6. Nc3 d6 7. Be2 Be7 8. O-O O-O 9. Qd2 a6 10. Kh1 Nxd4 11.
Qxd4 b5 12. a4 e5 13. Qd3 b4 14. Nd5 Nxd5 15. Qxd5 Be6 16. Qd3 Qc7 17. a5 Rfc8
18. Rfc1 Qb8 19. f3 d5 20. exd5 Bxd5 21. Rd1 Bc4 22. Qd2 Rd8 23. Qe1 Qb5 24.
Bxc4 Qxc4 25. Rdc1 Rac8 26. Bb6 Rd5 27. c3 b3 1/2-1/2

[Event "Jiraskuv memorial A"]
[Site "Rakovnik"]
[Date "2011.08.11"]
[Round "7"]
[White "Svarc, Roman"]
[Black "Kotrba, Matej"]
[Result "1-0"]
[ECO "A11"]
[WhiteElo "2125"]
[BlackElo "1949"]
[PlyCount "57"]
[EventDate "2011.08.??"]
[EventType "swiss"]
[EventRounds "9"]
[EventCountry "CZE"]
[TimeControl "180"]

{24MB, Fritz8.ctg, sach1} 1. c4 c6 2. g3 d5 3. cxd5 cxd5 4.
Bg2 Nf6 5. Nf3 Nc6 6. d3 e5 7. O-O h6 8. e3 Bg4 9. h3 Be6 10. a3 Qd7 11. Kh2 g5
12. Ng1 h5 13. f4 gxf4 14. exf4 Bc5 15. fxe5 Ng4+ 16. hxg4 hxg4+ 17. Nh3 gxh3
18. Bf3 Nxe5 19. d4 Nxf3+ 20. Rxf3 Bd6 21. Bg5 Rg8 22. Qd2 Be7 23. Bf4 Bd6 24.
Nc3 Bxf4 25. Qxf4 Rc8 26. Re1 Qc7 27. Qf5 Kd7 28. Qh7 Rcf8 29. Rxe6 1-0

[Event "Jiraskuv memorial A"]
[Site "Rakovnik"]
[Date "2011.08.11"]
[Round "7"]
[White "Vykouk, Jan"]
[Black "Hruska, Jan"]
[Result "0-1"]
[ECO "C54"]
[WhiteElo "1792"]
[BlackElo "2048"]
[PlyCount "74"]
[EventDate "2011.08.??"]
[EventType "swiss"]
[EventRounds "9"]
[EventCountry "CZE"]
[TimeControl "180"]

{24MB, Fritz8.ctg, sach1} 1. e4 e5 2. Nf3 Nc6 3. Bc4 Bc5 4. c3
Nf6 5. d3 d6 6. b4 Bb6 7. a4 a6 8. Bg5 h6 9. Bh4 O-O 10. Qb3 Qe7 11. Nbd2 Be6
12. O-O Rad8 13. a5 Ba7 14. b5 axb5 15. Qxb5 Rb8 16. a6 Nd8 17. Bxe6 Qxe6 18.
Bxf6 Qxf6 19. Qd7 Ne6 20. axb7 Rxb7 21. Nc4 Rd8 22. Qc6 Rdb8 23. Na5 Rb2 24.
Nc4 R2b7 25. Na5 Rb5 26. c4 Rb2 27. Qa6 Ra8 28. Qc6 Qd8 29. Qa4 Nd4 30. Nxd4
Bxd4 31. Qd1 Qf6 32. Qe1 Rc2 33. Ra3 Bb6 34. Ra1 Bd4 35. Ra3 Qf4 36. Rb3 Rxa5
37. Qxa5 Rxf2 0-1

[Event "Jiraskuv memorial A"]
[Site "Rakovnik"]
[Date "2011.08.12"]
[Round "8"]
[White "Stransky, Vojtech"]
[Black "Urban, Tomas"]
[Result "1-0"]
[ECO "B23"]
[WhiteElo "1843"]
[BlackElo "1822"]
[PlyCount "42"]
[EventDate "2011.08.??"]
[EventType "swiss"]
[EventRounds "9"]
[EventCountry "CZE"]
[TimeControl "40/7200:20/3600:1800"]

{16MB, Fritz8.ctg, SACHY-67D9C7985} 1. e4 c5 2. Nc3 d6 3. f4
g6 4. Nf3 Bg7 5. Bb5+ Nc6 6. d3 e6 7. O-O Nge7 8. Qe1 a6 9. Bxc6+ bxc6 10. Kh1
Ra7 11. Qh4 f5 12. e5 d5 13. Ng5 Ng8 14. Qf2 Qe7 15. Na4 d4 16. Nb6 Rc7 17. Nc4
Nh6 18. Nd6+ Kf8 19. h3 Bd7 20. Bd2 Be8 21. Ba5 Rd7 1-0

[Event "Jiraskuv memorial A"]
[Site "Rakovnik"]
[Date "2011.08.12"]
[Round "8"]
[White "Krasny, Drahomir"]
[Black "Novak, Jindrich"]
[Result "0-1"]
[ECO "B07"]
[WhiteElo "1897"]
[BlackElo "2059"]
[PlyCount "86"]
[EventDate "2011.08.??"]
[EventType "swiss"]
[EventRounds "9"]
[EventCountry "CZE"]
[TimeControl "40/7200:20/3600:1800"]

{16MB, Fritz8.ctg, SACHY-67D9C7985} 1. e4 d6 2. d4 e5 3. dxe5 dxe5 4. Qxd8+
Kxd8 5. Nf3 Bd6 6. Bc4 Ke7 7. Nc3 Nf6 8. Nd5+ Nxd5 9. Bxd5 Nd7 10. O-O Nb6 11.
Bb3 a5 12. Be3 a4 13. Bxb6 axb3 14. Be3 Rxa2 15. Rxa2 bxa2 16. c4 b6 17. Ra1
Bb7 18. Rxa2 Bxe4 19. Nd2 Ra8 20. Rxa8 Bxa8 21. f3 f5 22. Nb3 Ke6 23. Kf2 Bc6
24. Ke2 f4 25. Bf2 Bb4 26. Be1 Bxe1 27. Kxe1 g5 28. Kf2 Kf5 29. Nd2 e4 30.
fxe4+ Bxe4 31. g3 h5 32. Nb3 c5 33. Nc1 fxg3+ 34. hxg3 Kg4 35. Ne2 Bc6 36. Nc3
h4 37. gxh4 gxh4 38. Nd1 h3 39. Ne3+ Kf4 40. Nf1 Bg2 41. Ng3 Be4 42. Ne2+ Kg4
43. Kg1 Bf3 0-1